 Dungeon Crawl Stone Soup version 0.19-a0-1875-g4fea3da (webtiles) character file.

111248 Amnesiac the Unseen (level 17, -2/112 HPs)
             Began as a Halfling Monk on Oct 13, 2016.
             Was a High Priest of Dithmenos.
             Killed from afar by a deep elf knight (24 damage)
             ... with an orb of energy
             ... on level 2 of the Elven Halls.
             The game lasted 00:59:06 (29558 turns).

Amnesiac the Unseen (Halfling Monk)                Turns: 29558, Time: 00:59:07

Health: -2/112     AC: 12    Str: 12    XL:     17   Next: 12%
Magic:  5/24       EV: 26    Int: 14    God:    Dithmenos [*****.]
Gold:   813        SH: 10    Dex: 28    Spells: 6 memorised, 5 levels left

rFire  + . .     SeeInvis .     q - +1 short sword (distort)
rCold  + . .     Gourm    .     i - +2 robe {rC+ rF+}
rNeg   . . .     Faith    .     D - +0 buckler
rPois  .         Spirit   .     u - +1 helmet {Int+3}
rElec  .         Dismiss  .     S - +1 cloak
rCorr  +         Reflect  +     l - +2 pair of gloves of the Sun {Int+3 Stlth+}
MR     +....     Harm     .     z - +0 pair of boots
Stlth  ++++++++++               h - +2 amulet of reflection
                                P - ring of resist corrosion
                                Z - +4 ring of dexterity

@: very slightly contaminated, wreathed by umbra
A: mutation resistance 1
a: Shadow Step, Shadow Form, Renounce Religion


You were on level 2 of the Elven Halls.
You worshipped Dithmenos.
Dithmenos was extremely pleased with you.
You were not hungry.

You visited 5 branches of the dungeon, and saw 20 of its levels.
You also visited: Ice Cave.

You collected 1832 gold pieces.
You spent 1019 gold pieces at shops.

Inventory:

Hand Weapons
 e - a +1 blowgun
 q - a +1 short sword of distortion (weapon)
 w - a +0 short sword of electrocution
 E - a +0 rapier of electrocution
Missiles
 y - 5 needles of confusion
 F - 15 curare-tipped needles
Armour
 i - a +2 robe of resistance (worn)
 l - the +2 pair of gloves of the Sun (worn) {Int+3 Stlth+}
   (You found it on level 4 of the Dungeon)

   It affects your intelligence (+3).
   It makes you more stealthy.
 u - a +1 helmet of intelligence (worn)
 z - a +0 pair of boots (worn)
 D - a +0 buckler (worn)
 S - a +1 cloak (worn)
 Y - a +2 robe of the Archmagi
Rods
 d - a +1 rod of shadows (14/14)
   (You found it on level 1 of the Elven Halls)
Jewellery
 b - an uncursed ring of see invisible
 f - an uncursed ring of protection from fire
 h - a +2 amulet of reflection (around neck)
 x - an uncursed amulet of magic regeneration
 I - an uncursed ring of fire
 P - a ring of resist corrosion (right hand)
 Z - a +4 ring of dexterity (left hand)
Wands
 O - a wand of digging (13/24)
 U - a wand of paralysis (9/24)
 W - a wand of disintegration (11/24)
Scrolls
 a - 15 scrolls of remove curse
 j - 2 scrolls of enchant armour
 m - 2 scrolls of fear
 r - 7 scrolls of identify
 t - 3 scrolls of teleportation
 B - 2 scrolls of magic mapping
 C - 2 scrolls of enchant weapon
 H - a scroll of fog
 L - a scroll of holy word {unknown}
 M - 6 scrolls of recharging
 N - a scroll of blinking
 V - 3 scrolls of vulnerability
Potions
 k - 9 potions of curing
 v - 3 potions of agility
 G - 6 potions of brilliance
 J - a potion of cancellation
 R - 2 potions of might
 X - 3 potions of flight
Miscellaneous
 K - a phantom mirror
Comestibles
 c - 9 bread rations
 n - 3 beef jerkies
 o - 8 meat rations
 p - 15 fruits
 s - 4 slices of pizza
 A - 13 royal jellies


   Skills:
 - Level 9.1 Fighting
 - Level 14.0 Short Blades
 - Level 10.2 Dodging
 - Level 18.0 Stealth
 - Level 5.6 Shields
 - Level 3.5 Spellcasting
 + Level 11.4 Hexes
 - Level 10.2 Invocations


You had 5 spell levels left.
You knew the following spells:

 Your Spells              Type           Power        Failure   Level  Hunger
a - Apportation           Tloc           #.........   24%         1    #......
b - Summon Butterflies    Summ           #.......     24%         1    #......
c - Invisibility          Hex            ####....     34%         6    #######
d - Fulminant Prism       Conj/Hex       ###.......   21%         4    #####..
e - Dazzling Spray        Conj/Hex       ###...       8%          3    ###....
w - Tukima's Dance        Hex            ####....     1%          3    ###....


Dungeon Overview and Level Annotations

Branches:
Dungeon (9/15)             Temple (1/1) D:5            Lair (6/6) D:8
  Swamp (0/4) Lair:3       Spider (0/4) Lair:4        Slime (0/5) Lair:5
    Orc (2/2) D:9             Elf (2/3) Orc:2

Altars:
Ashenzari
Cheibriados
Dithmenos
Elyvilon
Fedhas
Gozag
Hepliaklqana
Kikubaaqudgha
Makhleb
Nemelex Xobeh
Okawaru
Qazlal
Ru
Sif Muna
Trog
Uskayaw
Vehumet
Xom
Yredelemnul
Zin
The Shining One
Beogh

Shops:
D:8 *   Orc:2 **([   Elf:1 (   Elf:2 *[:(


Innate Abilities, Weirdness & Mutations

You are small and have problems with some larger weapons.
You are somewhat resistant to further mutation.


Message History

Your scimitar hits the deep elf knight! You miss the deep elf knight.
The deep elf knight is heavily wounded.
The deep elf knight closely misses you.
You hit the deep elf knight.
The deep elf knight seems more stable.
The deep elf knight is heavily wounded.
The deep elf knight hits you!
* * * LOW HITPOINT WARNING * * *
You miss the deep elf knight.
The deep elf knight is heavily wounded.
Your scimitar hits the deep elf knight!
Okay, then.
You closely miss the deep elf knight.
The deep elf knight is almost dead.
You block the deep elf knight's attack.
You closely miss the deep elf knight.
The deep elf knight is almost dead.
The deep elf knight points at you and mumbles some strange words.
The orb of energy hits you!
You die...

#.....)...)...#
######'''###### ###
#####...##### #
##.####...''#''...## #
#...##...##.....###.....##.
.............................
.........#...................
........###.................#
.......## ##@e........)....##
........###..(..............#
.........#...................
..........).....)............
.............................
..................#.#........
.................#####)......
e................# #.......
.................# #.......


You could see a deep elf knight and a friendly scimitar.

Vanquished Creatures
  An orc warlord (Orc:2)
  A deep elf death mage (Elf:1)
  A deep elf high priest (Elf:2)
  An ettin (Orc:2)
  8 hydras
  Erica (D:8)
  13 dancing weapons
  9 death yaks
  7 orc high priests
  8 deep elf knights
  12 spriggans (Lair:6)
  11 deep elf archers
  Pikel (D:6)
  6 orc knights
  33 deep elf magi
  7 orc sorcerers
  14 elephants
  An oklob plant (Lair:6)
  2 ugly things (IceCv)
  Maurice (D:9)
  3 black mambas
  Joseph (D:8)
  2 ice statues (IceCv)
  A torpor snail (Lair:6)
  9 spiny frogs
  9 komodo dragons
  2 ice devils (Lair:1)
  A troll (shapeshifter) (Elf:1)
  4 trolls
  A jumping spider (Lair:4)
  4 polar bears (Lair:6)
  Grinder (D:6)
  6 hornets
  7 two-headed ogres
  12 blink frogs
  4 hippogriffs
  11 dream sheep
  3 water elementals (Elf:1)
  3 redbacks
  2 wyverns
  An air elemental (Elf:1)
  3 fire elementals
  30 yaks
  2 basilisks
  The ghost of Amnesiac the Cutter, an amateur HaMo (D:4)
  6 swamp worms
  5 wargs
  15 water moccasins
  5 porcupines
  3 black bears
  62 orc warriors
  4 slaves (D:6)
  A sky beast (D:8)
  9 ice beasts
  A phantom (D:4)
  5 necrophages (D:8)
  37 wolves
  5 centaurs
  14 ogres
  3 boggarts (Lair:6)
  11 crocodiles
  2 big kobolds
  10 bullfrogs
  A gnoll sergeant (Orc:1)
  An earth elemental (Elf:1)
  17 killer bees
  3 howler monkeys (D:9)
  2 wights (D:8)
  An electric eel (Lair:3)
  2 crimson imps (D:9)
  A centaur zombie (D:9)
  38 orc priests
  20 orc wizards
  3 bullfrog zombies (D:8)
  5 hounds
  13 jellies (Lair:5)
  Crazy Yiuf (D:6)
  A bullfrog skeleton (D:9)
  Terence (D:2)
  6 worker ants
  A killer bee zombie (D:8)
  A howler monkey zombie (D:5)
  A worker ant zombie (D:9)
  7 adders
  3 gnolls (D:5)
  3 river rats (D:8)
  A shadow imp (D:7)
  An ooze (Lair:5)
  2 adder skeletons (D:5)
  2 adder zombies
  2 worms
  4 dart slugs
  A leopard gecko (D:8)
  121 orcs
  4 ball pythons
  15 bats
  5 giant cockroaches
  9 goblins
  2 hobgoblins
  16 jackals
  22 kobolds
  4 quokkas
  9 frilled lizards
  A leopard gecko skeleton (D:4)
  A quokka skeleton (D:9)
  18 rats
  2 crawling corpses (Elf:1)
  A fungus (Lair:6)
834 creatures vanquished.

Vanquished Creatures (others)
  A dancing weapon (Elf:2)
  A deep elf archer (Elf:2)
  3 deep elf magi
  An orc warrior (Elf:2)
  A kobold (D:3)
  4 bushes (Lair:6)
  9 fungi
  14 plants
  2 withered plants (D:8)
36 creatures vanquished.

Grand Total: 870 creatures vanquished

Notes
Turn   | Place    | Note
-------+----------+-------------------------------------------
     0 | D:1      | Amnesiac the Halfling Monk began the quest for the Orb.
     0 | D:1      | Reached XP level 1. HP: 15/15 MP: 1/1
   193 | D:1      | Reached XP level 2. HP: 19/20 MP: 2/2
   478 | D:3      | Reached XP level 3. HP: 25/26 MP: 3/3
   530 | D:3      | Reached skill level 3 in Stealth
   800 | D:4      | Noticed an ogre
   938 | D:4      | Noticed Amnesiac's ghost (amateur HaMo)
  1896 | D:4      | Killed Amnesiac's ghost
  1896 | D:4      | Reached skill level 4 in Stealth
  1896 | D:4      | Reached XP level 4. HP: 25/31 MP: 4/4
  1896 | D:4      | Reached XP level 5. HP: 30/36 MP: 5/5
  2073 | D:4      | Reached XP level 6. HP: 28/42 MP: 6/6
  2421 | D:4      | Noticed a phantom
  2434 | D:4      | Got a pair of faintly humming gloves
  2443 | D:4      | Identified the +2 pair of gloves of the Sun {Int+3 Stlth+} (You found it on level 4 of the Dungeon)
  2456 | D:4      | Killed a phantom
  2456 | D:4      | Reached skill level 5 in Stealth
  2482 | D:4      | Reached skill level 5 in Short Blades
  2636 | D:4      | Killed an ogre
  2636 | D:4      | Reached XP level 7. HP: 38/48 MP: 7/7
  2746 | D:4      | Found a snail-covered altar of Cheibriados.
  2850 | D:5      | Entered Level 5 of the Dungeon
  3328 | D:5      | Reached skill level 6 in Stealth
  3440 | D:5      | Reached skill level 5 in Dodging
  3549 | D:5      | Found a staircase to the Ecumenical Temple.
  3558 | Temple   | Entered the Ecumenical Temple
  3691 | Temple   | Became a worshipper of Dithmenos the Shadowed
  3691 | Temple   | Reached * piety under Dithmenos
  3691 | Temple   | Reached ** piety under Dithmenos
  4432 | D:2      | Noticed Terence
  4440 | D:2      | Killed Terence
  5280 | D:3      | Reached XP level 8. HP: 49/54 MP: 8/8
  5301 | D:3      | Reached skill level 7 in Stealth
  5824 | D:3      | Reached *** piety under Dithmenos
  5940 | D:5      | Found a burning altar of Makhleb.
  6292 | D:5      | Reached skill level 5 in Fighting
  6292 | D:5      | Reached skill level 8 in Stealth
  6337 | D:5      | Reached XP level 9. HP: 33/61 MP: 9/9
  6808 | D:6      | Found a shimmering altar of Xom.
  6861 | D:6      | Found a shattered altar of Ashenzari.
  6941 | D:6      | Found a runed door.
  6981 | D:6      | Noticed Grinder
  6988 | D:6      | Paralysed by Grinder for 4 turns
  6996 | D:6      | Killed Grinder
  6996 | D:6      | Reached skill level 9 in Stealth
  7106 | D:6      | Noticed Pikel
  7137 | D:6      | Killed Pikel
  7588 | D:6      | Noticed Crazy Yiuf
  7592 | D:6      | Killed Crazy Yiuf
  7889 | D:7      | Reached XP level 10. HP: 72/72 MP: 10/10
  8433 | D:8      | Reached **** piety under Dithmenos
  8565 | D:8      | Found a staircase to the Lair.
  8599 | D:8      | Reached skill level 10 in Short Blades
  8829 | D:8      | Found Ohepreus's Hallowed Reliquary.
  8833 | D:8      | Found a glowing golden altar of the Shining One.
  8834 | D:8      | Noticed an angel
  9067 | D:8      | Noticed Erica
  9068 | D:8      | Killed Erica
  9124 | D:8      | Noticed Joseph
  9131 | D:8      | Killed Joseph
  9131 | D:8      | Reached XP level 11. HP: 75/75 MP: 11/11
  9334 | Lair:1   | Entered Level 1 of the Lair of Beasts
  9522 | Lair:1   | Reached skill level 10 in Stealth
  9714 | Lair:1   | Noticed a seven-headed hydra
  9716 | Lair:1   | Killed a seven-headed hydra
  9716 | Lair:1   | Reached skill level 11 in Stealth
  9863 | Lair:1   | Found a frozen archway.
  9875 | IceCv    | Entered an ice cave
  9875 | IceCv    | Noticed a white ugly thing
  9883 | IceCv    | Killed a white ugly thing
  9883 | IceCv    | Reached skill level 12 in Stealth
 10008 | IceCv    | Noticed a white ugly thing
 10012 | IceCv    | Killed a white ugly thing
 10036 | IceCv    | Reached skill level 13 in Stealth
 10357 | Lair:2   | Reached XP level 12. HP: 81/81 MP: 12/12
 10469 | Lair:2   | Reached skill level 14 in Stealth
 10797 | Lair:2   | Reached skill level 5 in Invocations
 11895 | Lair:3   | Found a staircase to the Swamp.
 13381 | Lair:4   | Found a hole to the Spider Nest.
 13388 | Lair:4   | Noticed a death yak
 13391 | Lair:4   | Noticed a death yak
 13392 | Lair:4   | Noticed a death yak
 13393 | Lair:4   | Killed a death yak
 13396 | Lair:4   | Killed a death yak
 13396 | Lair:4   | Reached XP level 13. HP: 88/88 MP: 7/16
 13398 | Lair:4   | Reached skill level 10 in Dodging
 13941 | Lair:5   | Found a staircase to the Slime Pits.
 14034 | Lair:5   | Reached skill level 15 in Stealth
 14039 | Lair:5   | Noticed a four-headed hydra
 14058 | Lair:5   | Killed a four-headed hydra
 14541 | Lair:5   | Noticed a five-headed hydra
 14543 | Lair:5   | Killed a five-headed hydra
 14543 | Lair:5   | Reached skill level 16 in Stealth
 15090 | Lair:4   | Learned a level 1 spell: Apportation
 15092 | Lair:4   | Learned a level 1 spell: Summon Butterflies
 15096 | Lair:4   | Learned a level 3 spell: Dazzling Spray
 15103 | Lair:4   | Learned a level 6 spell: Invisibility
 15531 | Lair:5   | Reached skill level 17 in Stealth
 15590 | Lair:5   | Reached ***** piety under Dithmenos
 16137 | Lair:5   | Reached XP level 14. HP: 94/95 MP: 17/17
 16475 | Lair:6   | Entered Level 6 of the Lair of Beasts
 16826 | Lair:6   | Reached skill level 18 in Stealth
 16867 | Lair:6   | Reached skill level 1 in Hexes
 17457 | Lair:6   | Reached skill level 5 in Hexes
 17526 | Lair:6   | Reached skill level 1 in Shields
 18305 | Lair:6   | Reached skill level 5 in Shields
 18675 | Lair:6   | Reached skill level 1 in Spellcasting
 19911 | Lair:6   | Reached XP level 15. HP: 99/99 MP: 18/18
 20136 | Lair:6   | Learned a level 4 spell: Fulminant Prism
 20335 | D:9      | Noticed Maurice
 20340 | D:9      | Killed Maurice
 20915 | D:9      | Found a staircase to the Orcish Mines.
 21344 | D:9      | Found a burning altar of Makhleb.
 21344 | D:9      | Noticed an Executioner
 21408 | Orc:1    | Entered Level 1 of the Orcish Mines
 21552 | Orc:1    | Reached ****** piety under Dithmenos
 22238 | Orc:2    | Entered Level 2 of the Orcish Mines
 22458 | Orc:2    | Learned a level 3 spell: Tukima's Dance
 23247 | Orc:2    | Found a staircase to the Elven Halls.
 23510 | Orc:2    | Got a shimmering chain mail
 23521 | Orc:2    | Identified the +2 chain mail of Freedom {rElec rF- MP+9} (You found it on level 2 of the Orcish Mines)
 23756 | Orc:2    | Found a roughly hewn altar of Beogh.
 23863 | Orc:2    | Found Ughiunec's General Store.
 23883 | Orc:2    | Found Kunn's Assorted Antiques.
 23936 | Orc:2    | Bought a crooked gold wand for 92 gold pieces
 23942 | Orc:2    | Bought a silver ring for 115 gold pieces
 23942 | Orc:2    | Bought an ominously black robe for 131 gold pieces
 23958 | Orc:2    | Identified the +2 robe of Patience {rCorr Str+4} (You bought it in a shop on level 2 of the Orcish Mines)
 24245 | Orc:2    | Found Nogroxu's Weapon Shop.
 24308 | Orc:2    | Noticed an orc warlord
 24308 | Orc:2    | Found a roughly hewn altar of Beogh.
 24310 | Orc:2    | Killed an orc warlord
 24709 | Orc:2    | Found Wuqat's Antique Armour Boutique.
 24889 | Orc:2    | Bought a glowing hat for 280 gold pieces
 24889 | Orc:2    | Bought an embroidered robe for 187 gold pieces
 25899 | Elf:1    | Entered Level 1 of the Elven Halls
 25917 | Elf:1    | Reached XP level 16. HP: 108/108 MP: 15/23
 26233 | Elf:1    | Reached skill level 10 in Hexes
 26484 | Elf:1    | Identified a +1 rod of shadows (14/14) (You found it on level 1 of the Elven Halls)
 26634 | Elf:1    | Found Kobra's Weapon Emporium.
 28132 | Elf:2    | Found Lyafoc's Antique Weapon Emporium.
 28137 | Elf:2    | Reached skill level 10 in Invocations
 28470 | Elf:2    | Found an ancient bone altar of Kikubaaqudgha.
 28474 | Elf:2    | Found Abuwnopt's Book Shoppe.
 28496 | Elf:2    | Found Ubopuhol's Armour Shop.
 28538 | Elf:2    | Found Xajygg's General Store.
 28547 | Elf:2    | Bought a +1 helmet of intelligence for 214 gold pieces
 28685 | Elf:2    | Found a runed gate.
 28685 | Elf:2    | Found a runed gate.
 28687 | Elf:2    | Found a runed gate.
 28975 | Elf:2    | Reached XP level 17. HP: 36/112 MP: 24/24
 29558 | Elf:2    | Killed from afar by a deep elf knight

Vault maps used:
D:1:      minmay_arrival_three_doors
D:2:      uniq_terence
D:3:      feat_on_display
D:4:      chei_slow_surprise
D:5:      first_bread, basic_altar
D:6:      overflow_temple_1_default, evilmike_ruin_ashenzari,
          uniq_crazy_yiuf_cottage, uniq_pikel, uniq_grinder
D:8:      grunt_lair_entry_orc_guard_hut, serial_undead, serial_undead_a,
          serial_undead_b, serial_undead_c, serial_undead_f, nicolae_good_shop,
          uniq_erica, uniq_joseph
D:9:      hiddenorc2_lemuel, hangedman_pestilent_swarm, st_stairs_5,
          makhleb_altar_promises_db, uniq_maurice
Temple:   regret_index_temple_chain_breaker
Lair:1:   portal_ice_cave_demonic_guard
Lair:2:   grunt_megastairs_3
Lair:3:   nicolae_swamp_entry_splash_gauntlet, infiniplex_staircase_pool_2
Lair:4:   spider_nest_entry_a, grunt_megastairs_5
Lair:5:   minmay_slime_entry_jelly_boxes, beast_lair_carwin_7
Lair:6:   minmay_lair_end_enchanted_forest, lemuel_fruit_fields
Orc:1:    sword_in_stone
Orc:2:    pubby_orc_utopia, serial_shops
Elf:1:    minmay_elf_arrival_circle, serial_shops, nicolae_shop_behind_doors,
          minivault_28, st_stairs_8, elves_outpost_lemuel
Elf:2:    serial_shops, shop, shop, shop, nicolae_shop_stone, basic_altar
IceCv:    ice_cave_statue_garden_teleport

Skill      XL: |  1  2  3  4  5  6  7  8  9 10 11 12 13 14 15 16 |
---------------+-------------------------------------------------+-----
Fighting       | 3 4 5 7 8 9 |  9.1
Stealth        | 4 5 6 8 9 13 14 17 18 | 18.0
Short Blades   | 4 5 6 12 14 | 14.0
Dodging        | 4 5 6 9 10 | 10.2
Invocations    | 5 9 10 | 10.2
Hexes          | 6 8 11 | 11.4
Shields        | 5 |  5.6
Spellcasting   | 1 3 |  3.5

Action                   |  1- 3 |  4- 6 |  7- 9 | 10-12 | 13-15 | 16-18 || total
-------------------------+-------+-------+-------+-------+-------+-------++-------
Melee: Short sword       |    25 |       |   238 |   561 |  2154 |   349 ||  3327
       Quarterstaff      |    96 |    76 |   109 |       |       |       ||   281
       Dagger            |       |       |    72 |       |       |       ||    72
       Rapier            |       |       |       |       |       |   148 ||   148
 Fire: Blowgun           |       |     8 |    39 |       |     5 |       ||    52
 Cast: Summon Butterflie |       |       |       |       |       |     2 ||     2
       Tukima's Dance    |       |       |       |       |       |     6 ||     6
       Invisibility      |       |       |       |       |       |     2 ||     2
Invok: Shadow Step       |       |       |       |     6 |     9 |       ||    15
       Shadow Form       |       |       |       |       |     2 |     4 ||     6
Evoke: Wand              |       |       |       |     4 |     2 |       ||     6
  Use: Potion            |     6 |       |     1 |     2 |     4 |     1 ||    14
       Scroll            |     2 |     1 |     8 |     4 |    11 |       ||    26
 Stab: Sleeping          |       |       |    24 |    49 |   102 |    41 ||   216
       Distracted        |       |       |     4 |     1 |    15 |     4 ||    24
       Confused          |       |       |     1 |       |       |       ||     1
       Invisible         |       |       |       |    10 |    22 |     9 ||    41
       Paralysed         |       |       |       |       |     1 |       ||     1
  Eat: Beef jerky        |     1 |       |       |       |     1 |     1 ||     3
       Pizza             |     1 |       |       |       |       |       ||     1
       Chunk             |       |     3 |    17 |    17 |    39 |    13 ||    89
Armor: Robe              |     2 |       |       |       |    55 |    26 ||    83
       Plate armour      |     9 |       |       |       |       |       ||     9
       Chain mail        |    44 |    25 |    74 |       |       |       ||   143
       Skin              |    14 |       |       |       |       |       ||    14
       Ring mail         |       |       |    47 |    48 |       |       ||    95
       Leather armour    |       |       |       |    17 |    76 |       ||    93
Dodge: Dodged            |    75 |    39 |   363 |   353 |  1339 |   234 ||  2403
Block: Other             |     7 |     9 |    32 |    24 |    42 |       ||   114
       Reflection        |     2 |       |       |       |    12 |    10 ||    24
       Buckler           |       |       |       |       |   430 |   123 ||   553
